 Dungeon Crawl Stone Soup version 0.21-a0-442-g848f44b (webtiles) character file.

34 slep the Chucker (level 3, 0/27 HPs)
             Began as a Demonspawn Hunter on Nov 14, 2017.
             Slain by a worm (4 damage)
             ... on level 2 of the Dungeon.
             The game lasted 00:07:21 (1122 turns).

slep the Chucker (Demonspawn Hunter)                Turns: 1122, Time: 00:07:21

Health: 0/27       AC:  8    Str: 12    XL:     3   Next: 14%
Magic:  0/3        EV:  5    Int: 12    God:
Gold:   88         SH:  0    Dex: 14    Spells: 2/2 levels left

rFire    . . .     SeeInvis .   a - +0 short sword
rCold    . . .     Gourm    .   (no shield)
rNeg     . . .     Faith    .   g - +0 chain mail
rPois    .         Spirit   +   (no helmet)
rElec    .         Reflect  .   (no cloak)
rCorr    .         Harm     .   (no gloves)
MR       .....                  (no boots)
Stlth    ..........             (no amulet)
HPRegen  0.09/turn              (no ring)
MPRegen  0.08/turn              (no ring)

@: no status effects
A: nightstalker 1, magic shield
a: no special abilities


You were on level 2 of the Dungeon.
You were hungry.

You visited 1 branch of the dungeon, and saw 2 of its levels.

You collected 88 gold pieces.

Inventory:

Hand Weapons
 a - a +0 short sword (weapon)
Missiles
 c - 6 javelins (quivered)
 d - 2 throwing nets
Armour
 b - a +0 leather armour
 g - a +0 chain mail (worn)
Scrolls
 h - 2 scrolls of identify {unknown}
 j - a scroll of amnesia {unknown}
Potions
 e - 3 potions of curing {unknown}
 i - a potion of haste {unknown}
Comestibles
 f - 4 bread rations


   Skills:
 + Level 2.0 Fighting
 + Level 0.5 Short Blades
 + Level 4.3 Throwing
 + Level 0.3 Armour
 + Level 2.0 Dodging
 + Level 0.8 Stealth


You had 2 spell levels left.
You didn't know any spells.

Dungeon Overview and Level Annotations

Branches:
Dungeon (2/15)

Altars:


Innate Abilities, Weirdness & Mutations

You are slightly more attuned to the shadows.
When hurt, damage is shared between your health and your magic reserves.


Message History

You closely miss something. The worm bites you but does no damage.
Something hits you but does no damage.
You miss something. The worm bites you.
You barely miss something. Something hits you but does no damage.
You hit something.
Reactivating autopickup.
You feel a bit more experienced. The worm barely misses you.
The worm bites you.
Things that are here:
a club; 11 gold pieces You hit the worm.
The worm is lightly wounded.
You hit the worm.
The worm is heavily wounded.
The worm bites you.
* * * LOW HITPOINT WARNING * * *
You hit the worm.
The worm is heavily wounded.
The worm bites you.
You die...

..# ..# #.###
# ##... #.
... #
###.##.##.#.#
.....w@.....#
.##....##.###
.##.##.# #
....##.##.#
#.##.......#
#.##.##.####
#.......#
###...###
#...########.


You could see a worm.

Vanquished Creatures
  An ooze (D:1)
  A dart slug (D:1)
  A leopard gecko (D:1)
  4 goblins (D:1)
  6 hobgoblins
  3 kobolds (D:1)
  3 bats (D:1)
  A frilled lizard (D:1)
  5 rats (D:1)
25 creatures vanquished.

Notes
Turn   | Place    | Note
-------+----------+-------------------------------------------
     0 | D:1      | slep the Demonspawn Hunter began the quest for the Orb.
     0 | D:1      | Reached XP level 1. HP: 16/16 MP: 1/1
    62 | D:1      | Reached skill level 4 in Throwing
    62 | D:1      | Gained mutation: When hurt, damage is shared between your health and your magic reserves. [demonic ancestry]
    62 | D:1      | Reached XP level 2. HP: 12/22 MP: 2/2
   481 | D:1      | Gained mutation: You are slightly more attuned to the shadows. [demonic ancestry]
   481 | D:1      | Reached XP level 3. HP: 15/27 MP: 3/3
  1122 | D:2      | Slain by a worm

Vault maps used:
D:1:      sevenhm_arrival_forest_fort_small_6
D:2:      first_bread

Skill      XL: |  1  2 |
---------------+-------+-----
Throwing       | 4 |  4.3
Dodging        | 2 |  2.0
Fighting       | |  2.0
Short Blades   | |  0.5
Armour         | |  0.3
Stealth        | |  0.8

Action                   || total
-------------------------++-------
Melee: Short sword       ||   136
Armor: Leather armour    ||    14
       Chain mail        ||    51
Dodge: Dodged            ||    54

Table legend:
 A = Spawn XP
 B = Non-spawn XP
 C = Spawn XP percentage of total XP
 D = Spawn monster count
 E = Non-spawn monster count
 F = Spawn count percentage of total count
 G = Total turns spent on level
                    A         B        C        D         E        F      G
               +---------+---------+-------+---------+---------+-------+---------
         Total |       0 |      49 |   0.0 |       0 |      25 |   0.0 |  1122
               +---------+---------+-------+---------+---------+-------+---------
           D:1 |       0 |      47 |   0.0 |       0 |      24 |   0.0 |   955
           D:2 |       0 |       2 |   0.0 |       0 |       1 |   0.0 |   167
               +---------+---------+-------+---------+---------+-------+---------
